 Dungeon Crawl Stone Soup version 0.21.1-1-g345015fe64 (webtiles) character file.

70 HeroTen the Grave Robber (level 4, -9/33 HPs)
             Began as a Draconian Necromancer on July 20, 2018.
             Killed by divine providence
             ... invoked by an orc priest
              (15 damage)
             ... on level 3 of the Dungeon.
             The game lasted 00:09:06 (2627 turns).

HeroTen the Grave Robber (Draconian Necromancer)    Turns: 2627, Time: 00:09:07

Health: -9/33      AC:  5    Str: 11    XL:     4   Next: 3%
Magic:  3/7        EV: 12    Int: 15    God:
Gold:   106        SH:  0    Dex: 12    Spells: 6/8 levels left

rFire    . . .     SeeInvis .   i - +0 spear
rCold    . . .     Gourm    .   (no shield)
rNeg     . . .     Faith    .   (armour unavailable)
rPois    .         Spirit   .   (helmet restricted)
rElec    .         Reflect  .   (no cloak)
rCorr    .         Harm     .   (no gloves)
MR       +....                  (no boots)
Stlth    ++........             (no amulet)
HPRegen  0.11/turn              j - ring of protection from magic
MPRegen  0.10/turn              (no ring)

@: no status effects
A: unfitting armour, cold-blooded, AC +5
a: no special abilities


You were on level 3 of the Dungeon.
You were very hungry.

You visited 1 branch of the dungeon, and saw 3 of its levels.

You collected 106 gold pieces.

Inventory:

Hand Weapons
 i - a +0 spear (weapon)
Jewellery
 j - a ring of protection from magic (left hand)
 l - a +3 ring of strength {unknown}
Scrolls
 c - a scroll of identify
 g - 2 scrolls of enchant weapon {unknown}
 h - 2 scrolls of blinking {unknown}
 m - a scroll of remove curse {unknown}
 o - a scroll of amnesia {unknown}
 q - a scroll of teleportation {unknown}
Potions
 d - a potion of berserk rage {unknown}
 e - a potion of degeneration {unknown}
 f - 2 potions of cancellation {unknown}
 k - a potion of ambrosia {unknown}
 n - a potion of curing {unknown}
 p - a potion of might {unknown}
Books
 a - a book of Necromancy

   Spells                             Type                      Level
   a - Pain                           Necromancy                   1
   b - Animate Skeleton               Necromancy                   1
   c - Vampiric Draining              Necromancy                   3
   d - Regeneration                   Charms/Necromancy            3
   e - Animate Dead                   Necromancy                   4
   f - Borgnjor's Vile Clutch         Necromancy/Earth             5
Comestibles
 b - 5 rations


   Skills:
 + Level 0.1 Fighting
 + Level 1.8 Dodging
 + Level 2.0 Stealth
 + Level 2.6 Spellcasting
 * Level 5.1 Necromancy


You had 6 spell levels left.
You knew the following spells:

 Your Spells              Type           Power        Failure   Level  Hunger
a - Pain                  Necr           ###.         2%          1    #......
b - Animate Skeleton      Necr           N/A          2%          1    #......


Dungeon Overview and Level Annotations

Branches:
Dungeon (3/15)

Altars:
Dithmenos


Innate Abilities, Weirdness & Mutations

Your plain brown scales are hard. (AC +5)
You cannot fit into any form of body armour.
You are cold-blooded and may be slowed by cold attacks.


Message History

The orc priest mumbles some strange prayers to Beogh against you.
Beogh smites you!
The orc priest hits you but does no damage.
The orc priest misses you. The orc priest closely misses you.
A kobold comes into view.
The orc priest calls down the wrath of Beogh upon you.
Pain shoots through your body!
* * * LOW HITPOINT WARNING * * *
The kobold shouts!
The kobold throws a stone.
The stone barely misses you.
The stone closely misses the orc priest.
The orc priest miscasts a cantrip.
The kobold throws a stone.
The stone completely misses you.
The orc priest calls down the wrath of Beogh upon you.
You resist with some effort.
You see here a stone.
The orc priest calls down the wrath of Beogh upon you.
Beogh smites you!
You die...

....####.......# #
##...##.......#..
#.(..............
####.#........####.
#####...........# ...
#.......#.......#..#
#.......#.........## ...... #
#..................# ........
#.#.......#.##.@####..##........
#.........#..##..# ..#........
#....<.#####...#o#####..........
#.#...########..................
...............K.........#..##.##
..#..#.#########.................
....#... #....(..........#. ....
... ###..)####.......# ..#.....
#.........####..


You could see an orc priest and a kobold.

Vanquished Creatures
  2 adders (D:2)
  A worm (D:2)
  2 dart slugs
  A leopard gecko (D:1)
  3 orcs
  3 giant cockroaches
  2 goblins (D:1)
  7 hobgoblins
  A ball python (D:1)
  2 bats
  3 frilled lizards
  8 kobolds
  8 rats (D:1)
43 creatures vanquished.

Notes
Turn   | Place    | Note
-------+----------+-------------------------------------------
     0 | D:1      | HeroTen the Draconian Necromancer began the quest for the Orb.
     0 | D:1      | Reached XP level 1. HP: 14/14 MP: 3/3
    18 | D:1      | Learned a level 1 spell: Animate Skeleton
   554 | D:1      | Reached XP level 2. HP: 17/20 MP: 0/5
  1399 | D:2      | Reached XP level 3. HP: 14/26 MP: 6/6
  1978 | D:2      | Found a shadowy altar of Dithmenos.
  2057 | D:2      | Reached skill level 5 in Necromancy
  2578 | D:3      | Reached XP level 4. HP: 31/33 MP: 3/7
  2627 | D:3      | Killed from afar by an orc priest

Skill      XL: |  1  2  3 |
---------------+----------+-----
Stealth        | 2 |  2.0
Necromancy     | 5 |  5.1
Fighting       | |  0.1
Dodging        | |  1.8
Spellcasting   | |  2.6

Action                   |  1- 3 |  4- 6 || total
-------------------------+-------+-------++-------
Melee: Unarmed           |    19 |       ||    19
       Tailslap          |     8 |       ||     8
       Spear             |    27 |       ||    27
 Cast: Pain              |    61 |     6 ||    67
       Animate Skeleton  |     5 |       ||     5
  Use: Scroll            |     1 |       ||     1
  Eat: Chunk             |     5 |       ||     5
Armor: Skin              |    19 |       ||    19
Dodge: Dodged            |    33 |     4 ||    37
